AoeStats
← GhoulHumaN_Tw

Arabia

509126810Analyzed
1v1 RM · 5d ago on Sep 25, 2026· 58m 1s· 2 players
Game mode
Random Map
Map size
Tiny (2 player)
Population
200
Speed
Normal
Resources
Standard
Victory
Conquest
Starting age
Dark Age
Ending age
Imperial Age
RankedLock teamsTeams togetherTeam positionsShared explorationLock speedFull tech treeHidden civsTurbo modeCheats
Victory
Defeat
🇹🇼 Saxons · Taiwan
1026
+18
🇮🇳 Magyars · India
1074
-18
GhoulHumaN_Tw
2:05 Loom
9:27 Feudal Age
11:03 Double-Bit Axe
11:43 Bloodlines
11:29 Horse Collar
19:06 Scale Barding Armor
22:44 Wheelbarrow
25:44 Castle Age
23:43 Gold Mining
26:11 Castle Age
24:48 Forging
27:34 Chain Barding Armor
27:50 Iron Casting
29:18 Husbandry
32:25 Iron Casting
34:45 Hand Cart
39:29 Town Watch
39:59 Squires
40:03 Stone Mining
41:57 Gambesons
43:05 Scale Mail Armor
43:08 Heavy Plow
44:01 Chain Mail Armor
46:27 Pikeman
48:58 Fletching
50:41 Bodkin Arrow
54:09 Imperial Age
53:38 Bow Saw
54:38 Elite Varangian Guard
55:04 Arson
55:54 Plate Mail Armor
55:51 Conscription
55:19 Shield Wall
56:26 Siege Engineers
57:31 Bracer
Tempus Fugit
5:10 Loom
9:59 Feudal Age
14:10 Scale Barding Armor
24:52 Wheelbarrow
24:40 Double-Bit Axe
28:13 Castle Age
26:54 Bloodlines
27:44 Town Watch
30:09 Chain Barding Armor
30:18 Husbandry
36:02 Pikeman
40:21 Scale Mail Armor
50:57 Imperial Age
49:28 Horse Collar
50:32 Man-at-Arms
50:58 Arson
51:14 Long Swordsman
52:34 Chain Mail Armor
52:07 Two-Handed Swordsman
52:45 Halberdier
54:45 Gold Mining
55:02 Champion
Connection lost

Rejoining the realm…

Still unreachable

The connection could not be restored.

Session expired

The server has moved on; the page needs a fresh start.